Cogmind - Beta 16 @@@ ROGUE MODE // 2026.01.11 @ 11:28:04 Player: Lunishko Result: Self-destructed Performance ------------- Evolutions (1) 500 Regions Visited (3) 600 Robots Destroyed (8) 40 Value Destroyed (214) 214 Prototype IDs (0) 0 Alien Tech Used (0) 0 Bonus (83) 83 TOTAL SCORE: 1437 Bonus ------- Follower Combat Kills 83 Cogmind --------- Core Integrity 380/400 Matter 265/300 Energy 265/265 System Corruption 0% Temperature Cool (33) Movement Treading (145) Location -9/Materials Parts ------- > --- POWER (1) -------- Improved Ion Engine > --- PROPULSION (2) --- Advanced Treads Advanced Treads > --- UTILITY (4) ------ Structural Scanner Structural Scanner Visual Processing Unit Medium Armor Plating > --- WEAPON (2) ------- Medium Laser Light Assault Rifle > --- INVENTORY (5) ---- Ion Engine Advanced Treads Advanced Treads Medium Armor Plating Mining Laser Peak State ------------ > --- POWER ------------ Improved Ion Engine > --- PROPULSION ------- Advanced Treads Advanced Treads > --- UTILITY ---------- Structural Scanner Structural Scanner Visual Processing Unit Medium Armor Plating > --- WEAPON ----------- Medium Laser Light Assault Rifle > --- INVENTORY -------- Ion Engine Advanced Treads Advanced Treads Medium Armor Plating Mining Laser [Rating: 17] Favorites ----------- Power Light Ion Engine Engine Light Ion Engine Propulsion Light Treads Treads Light Treads Utility Visual Processing Unit Device Structural Scanner Storage High-capacity Storage Unit Processor Visual Processing Unit Protection Medium Armor Plating Weapon Light Assault Rifle Energy Gun Medium Laser Ballistic Gun Light Assault Rifle Ballistic Cannon Light Cannon Build | -11 -10 -10 -9 ------- Run | Yrd Mat Min Mat Slots Evolved 2 | . . . 2 Power . | . . . . Propulsion . | . . . . Utility 2 | . . . 2 Weapon . | . . . . Parts Attached 23 | 6 3 6 8 Power 4 | 1 . 2 1 Engine 4 | 1 . 2 1 Core . | . . . . Reactor . | . . . . Propulsion 4 | 2 . . 2 Treads 4 | 2 . . 2 Leg . | . . . . Wheel . | . . . . Hover . | . . . . Flight . | . . . . Utility 7 | 1 2 . 4 Device 2 | . . . 2 Storage 2 | 1 1 . . Processor 1 | . 1 . . Hackware . | . . . . Protection 2 | . . . 2 Artifact . | . . . . Weapon 8 | 2 1 4 1 Energy Gun 4 | 1 1 1 1 Energy Cannon . | . . . . Ballistic Gun 3 | 1 . 2 . Ballistic Cannon 1 | . . 1 . Launcher . | . . . . Special Weapon . | . . . . Impact Weapon . | . . . . Slashing Weapon . | . . . . Piercing Weapon . | . . . . Special Melee Weapon . | . . . . Unidentified Prototypes . | . . . . Parts Lost 8 | . . 8 . Power 2 | . . 2 . Propulsion 2 | . . 2 . Utility . | . . . . Weapon 4 | . . 4 . Highest Loss Streak 4 | . . 4 . To Critical Strikes . | . . . . Average Backups 5 | 1 5 6 4 Power . | . 1 . . Propulsion . | . . . 1 Utility . | . . 1 . Weapon 3 | . 3 4 2 Tool/Special . | . . . . Unused Backups 5 | . . . 5 Power . | . . . . Propulsion 2 | . . . 2 Utility 1 | . . . 1 Weapon 2 | . . . 2 Tool/Special . | . . . . Average Slot Usage (%) 83 | . 89 76 88 Engine 13 | . 14 13 11 Treads 17 | . 28 11 12 Device 4 | . . . 20 Storage 9 | . 14 10 . Processor 10 | . 4 14 11 Protection 2 | . . . 11 Energy Gun 9 | . 14 4 11 Ballistic Gun 13 | . 14 14 11 Ballistic Cannon 3 | . . 7 . Peak Build Rating 17 | 6 8 8 17 Average Rating 7 | 4 6 6 13 On Entrance 4 | . 6 8 5 Avg Prop Armor Cover (%) . | . . . . Naked Turns . | . . . . Heaviest Build 47 | 12 47 47 19 Greatest Support 44 | 40 40 40 44 Greatest Overweight (x) 15 | . 1 15 5 Average Overweight (x) 1 | . . 1 1 Largest Inventory Capacity 20 | 8 20 20 5 Average Capacity 11 | 6 10 15 5 Most Carried 9 | 2 9 9 5 Average Carried 5 | 1 5 5 4 Final Capacity 20 | 8 20 5 5 Final Carried 9 | 2 9 5 5 Class Distribution -------------------- 100% | Mutant Dominant Class ---------------- Mutant | -10/Materials Mutant | -10/Mines Mutant | -9/Materials Resources | -11 -10 -10 -9 ----------- Run | Yrd Mat Min Mat Matter Collected 554 | 260 75 172 47 Remotely . | . . . . Salvage Created 275 | . 132 112 31 Parts 12 | . 7 2 3 Haulers Intercepted . | . . . . Recyclers Shooed . | . . . . Parts Field Recycled . | . . . . Retrieved Matter . | . . . . Parts Self-Destructed . | . . . . Prevented . | . . . . Parts Restored . | . . . . Kills | -11 -10 -10 -9 ------- Run | Yrd Mat Min Mat Combat Hostiles Destroyed 11 | . 2 7 2 Guns 9 | . 2 5 2 Cannons 2 | . . 2 . Classes Destroyed 4 | . 2 1 1 Watcher 2 | . 2 . . Swarmer 2 | . . . 2 Grunt 4 | . 2 2 . Assembled 5 | . . 5 . Best Kill Streak 5 | . 2 5 2 Combat Bots Only 5 | . 1 5 2 Max Kills in Single Turn 1 | . 1 1 1 Gunslinging . | . . . . Exploded . | . . . . Melee . | . . . . Uniques/NPCs Destroyed . | . . . . Combat | -11 -10 -10 -9 -------- Run | Yrd Mat Min Mat Hostile Shots Fired 123 | . 16 85 22 Missed 32 | . 4 22 6 Hits 91 | . 12 63 16 Melee 6 | . . 6 . Projectile 85 | . 12 57 16 Critical Strikes 2 | . . 2 . Part Disruptions 2 | . . 2 . Damage Taken 1259 | . 153 937 169 Core 261 | . 40 201 20 Absorbed by Shields . | . . . . Core Remaining (%) 51 | 100 . 3 . Volleys Fired 68 | . 17 46 5 Largest 2 | . 2 2 2 Hottest 70 | . 60 50 70 Shots Fired 118 | . 34 74 10 Gun 96 | . 34 52 10 Cannon 22 | . . 22 . Launcher . | . . . . Special . | . . . . Kinetic 96 | . 17 74 5 Thermal 5 | . . . 5 Explosive . | . . . . Electromagnetic 17 | . 17 . . Robot Hit Streak 6 | . 6 6 5 Robot Miss Streak 7 | . 3 7 2 Penetration Max . | . . . . Secondary Targets 1 | . . . 1 Max Gunslinging Chain 1 | . . . 1 Shots Hit Robots 68 | . 19 45 4 Core Hits 27 | . 8 17 2 Critical Kills 2 | . . 2 . Critical Parts Destroyed . | . . . . Critical Strikes 4 | . . 2 2 Burn 2 | . . . 2 Destroy 2 | . . 2 . Melee Attacks . | . . . . Impact . | . . . . Slashing . | . . . . Piercing . | . . . . Sneak Attacks . | . . . . Combat Hostiles . | . . . . Follow-up Attacks . | . . . . Damage Inflicted 830 | . 262 500 68 Guns 602 | . 255 291 56 Cannons 209 | . . 209 . Explosions . | . . . . Melee . | . . . . Ramming 19 | . 7 . 12 Kinetic 632 | . 112 500 20 Thermal 36 | . . . 36 Explosive . | . . . . Electromagnetic 143 | . 143 . . Impact . | . . . . Slashing . | . . . . Piercing . | . . . . Highest Corruption . | . . . . Average Corruption . | . . . . Corruption Purged . | . . . . Corruption Blocked . | . . . . Overload Shots . | . . . . Overflow Damage 10 | . . 10 . Projectiles 10 | . . 10 . Explosions . | . . . . Melee . | . . . . Knockbacks 3 | . . 3 . Impact . | . . . . Kinetic 3 | . . 3 . Secondary . | . . . . Self-Inflicted Damage . | . . . . Shots . | . . . . Rammed 4 | . 2 1 1 Targets Rammed 4 | . 2 1 1 Kicked . | . . . . Crushed . | . . . . Highest Temperature 80 | . 27 80 80 Average Temperature 25 | . 17 25 37 Received Heat Transfer 534 | . 84 426 24 Siege Activations . | . . . . Martial Activations . | . . . . Shielding Activations . | . . . . Robots Disrupted . | . . . . Combat Hostiles . | . . . . Robots Corrupted . | . . . . Combat Hostiles . | . . . . Parts Fried 1 | . 1 . . Impact Corruptions . | . . . . Robots Melted . | . . . . Combat Hostiles . | . . . . Parts Melted 1 | . . . 1 Heat Transferred 259 | . . . 259 Parts Sabotaged . | . . . . Parts Stolen . | . . . . Parts Stripped . | . . . . Power Chain Reactions . | . . . . Alert | -11 -10 -10 -9 ------- Run | Yrd Mat Min Mat Maximum Alert Level . | . . . . Low Security (%) 100 | 100 100 100 100 Level 1 . | . . . . Level 2 . | . . . . Level 3 . | . . . . Level 4 . | . . . . Level 5 . | . . . . High Security . | . . . . Max Security . | . . . . Peak Influence 50 | . 38 30 50 Initial . | . . . . Average 5 | . 7 3 10 Influence Increases 265 | . 65 50 150 Destroy 0b10 Robot/C 200 | . 40 40 120 Destroy 0b10 Robot/NC 10 | . 10 . . Destroy Leader 44 | . 14 10 20 Allied During Kill 10 | . . . 10 Destroy Structure 1 | . 1 . . Influence Decreases 225 | . 65 50 110 Time Decay 165 | . 65 40 60 Lost Part 10 | . . 10 . Lost Ally 50 | . . . 50 Squads Dispatched 2 | . . . 2 Investigation 1 | . . . 1 Extermination . | . . . . Reinforcement 1 | . . . 1 Assault . | . . . . Garrison . | . . . . Intercept . | . . . . Searches Triggered . | . . . . Construction Impeded . | . . . . Haulers Reinforced . | . . . . Active Scanning Responses . | . . . . Cargo Convoy Interrupts . | . . . . Stealth | -11 -10 -10 -9 --------- Run | Yrd Mat Min Mat Distress Signals 4 | . . 2 2 Communications Jammed . | . . . . Distress Signals . | . . . . Times Spotted 27 | . 5 9 13 Peak Tracking Total 15 | . 3 15 11 Tactical Retreats 2 | . . 2 . Traps | -11 -10 -10 -9 ------- Run | Yrd Mat Min Mat Traps Triggered 1 | . . . 1 Indirectly . | . . . . Trap Hack Attempts . | . . . . Triggered . | . . . . Disarmed . | . . . . Reprogrammed . | . . . . Reused . | . . . . Traps Extracted . | . . . . Installed . | . . . . Triggered . | . . . . Machines | -11 -10 -10 -9 ---------- Run | Yrd Mat Min Mat Machines Disabled 1 | . 1 . . Max in Single Turn 1 | . 1 . . Machines Repaired . | . . . . Machines Dismantled . | . . . . Machines Sabotaged . | . . . . Overloaded Fab Kills . | . . . . Hacking | -11 -10 -10 -9 --------- Run | Yrd Mat Min Mat Machines Accessed 2 | . 2 . . Terminals 2 | . 2 . . Fabricators . | . . . . Repair Stations . | . . . . Recycling Units . | . . . . Scanalyzers . | . . . . Garrison Access . | . . . . Total Hacks 3 | . 3 . . Successful 1 | . 1 . . Failed 2 | . 2 . . Catastrophic . | . . . . Database Lockouts . | . . . . Manual 3 | . 3 . . Terminals 3 | . 3 . . Fabricators . | . . . . Repair Stations . | . . . . Recycling Units . | . . . . Scanalyzers . | . . . . Garrison Access . | . . . . Terminal Hacks . | . . . . Fabricator Hacks . | . . . . Repair Station Hacks . | . . . . Recycling Unit Hacks . | . . . . Scanalyzer . | . . . . Garrison Access Hacks . | . . . . Unauthorized Hacks 1 | . 1 . . Terminals 1 | . 1 . . Botnet 1 | . 1 . . Fabricators . | . . . . Repair Stations . | . . . . Recycling Units . | . . . . Scanalyzers . | . . . . Garrison Access . | . . . . Data Cores Recovered . | . . . . Used . | . . . . Hacking Detections 1 | . 1 . . Full Trace Events . | . . . . Feedback Events . | . . . . Feedback Blocked . | . . . . Robot Schematics Acquired . | . . . . Robots Built . | . . . . Authchips . | . . . . Time . | . . . . Total Robot Build Rating . | . . . . Part Schematics Acquired . | . . . . Parts Built . | . . . . Authchips . | . . . . Time . | . . . . Total Part Build Rating . | . . . . Part Studies Acquired . | . . . . Parts Repaired . | . . . . Time . | . . . . Parts Recycled . | . . . . Recycled Matter . | . . . . Retrieved Matter . | . . . . Retrieved Components . | . . . . Parts Scanalyzed . | . . . . Part Schematics Acquired . | . . . . Parts Damaged . | . . . . Bothacking | -11 -10 -10 -9 ------------ Run | Yrd Mat Min Mat Used RIF Installer . | . . . . Robots Hacked . | . . . . Non-combat . | . . . . Combat . | . . . . Robot Hacks Applied . | . . . . Relay Couplers Released . | . . . . Fabnet Peak Effective % . | . . . . Robots Rewired . | . . . . Allies Hacked . | . . . . Hacks Repelled . | . . . . Allies | -11 -10 -10 -9 -------- Run | Yrd Mat Min Mat Total Allies 3 | . . 3 . Largest Group 3 | . . . 3 Highest-Rated Group 40 | . . . 40 Highest-Rated Ally 16 | . . . 16 Total Orders . | . . . . Ally Attacks 29 | . . . 29 Total Damage 337 | . . . 337 Kills 4 | . . . 4 Allies Corrupted . | . . . . Allies Melted . | . . . . Intel | -11 -10 -10 -9 ------- Run | Yrd Mat Min Mat Active Infowar (turns) 867 | . 113 489 265 Optics 867 | . 113 489 265 Structural 251 | . . . 251 Robot Analysis Total . | . . . . Derelict Logs Recovered . | . . . . Drone Launches . | . . . . Drone Recoveries . | . . . . Exploration | -11 -10 -10 -9 ------------- Run | Yrd Mat Min Mat Turns Passed 1203 | 76 373 489 265 Spaces Moved 510 | 45 176 170 119 Core 143 | 5 . 100 38 Treads 367 | 40 176 70 81 Legs . | . . . . Wheels . | . . . . Hover . | . . . . Flight . | . . . . Fastest Speed 50 | 50 160 50 145 Average Speed 187 | 147 174 215 182 Slowest Speed 800 | 160 240 800 300 Overloaded Moves . | . . . . Propulsion Burnouts . | . . . . Robots Hopped . | . . . . Potential Cave-ins . | . . . . Cave-ins Triggered . | . . . . Exploration Rate (%) 22 | 4 37 28 19 Regions Visited 3 Branch Regions 1 Pre-discovered Areas 1 | . . 1 . Known Exits Taken . | . . . . Unknown Exits Taken 3 | 1 1 1 . Scrap Searched . | . . . . Spaces Dug . | . . . . Terrain Destroyed . | . . . . Melee . | . . . . Projectile . | . . . . AOE . | . . . . Terrain Rammed . | . . . . Walls Destroyed . | . . . . Machines Disabled . | . . . . Actions | -11 -10 -10 -9 --------- Run | Yrd Mat Min Mat Total 642 | 52 208 226 156 Wait 18 | . 1 3 14 Move 507 | 44 175 169 119 Hop . | . . . . Pick Up 16 | 2 9 . 5 Fast Attach 12 | 6 . 2 4 Attach 6 | . 1 4 1 Detach . | . . . . Swap 5 | . 2 . 3 Drop 6 | . 1 1 4 Fire 68 | . 17 46 5 Melee . | . . . . Ram . | . . . . Kick . | . . . . Crush 4 | . 2 1 1 Escape Stasis . | . . . . Rewire . | . . . . Trap . | . . . . Miscellaneous . | . . . . Route ------- -11/Scrapyard -10/Materials -10/Mines -9/Materials History --------- Turn | Location | Event 2 | -11/Scrapyard | Met Revision 17 10 | -11/Scrapyard | Discovered new exit (range 13) 77 | -11/Scrapyard | Entered Materials 315 | -10/Materials | Build established: Mutant 340 | -10/Materials | Discovered new exit (range 7) 450 | -10/Materials | Entered Mines 451 | -10/Mines | Assembled infested the area 451 | -10/Mines | Learned location of Storage (-7) 456 | -10/Mines | Assisted by a Guerilla fighting off Assembled 536 | -10/Mines | Core integrity fell below 50% 574 | -10/Mines | Lost 3 parts (1p1n1w) 776 | -10/Mines | Core integrity fell below 20% 818 | -10/Mines | Lost 4 parts (1p1n2w) 921 | -10/Mines | Discovered new exit (range 9) 936 | -10/Mines | Assisted by bots powering up and referring to "LRC-V3" 939 | -10/Mines | Entered Materials 939 | -9/Materials | Accompanied by 3 allies 939 | -9/Materials | Evolved 2 slots: Utility x2 1204 | -9/Materials | Self-destructed Last Messages --------------- 01118_ ALERT: Alarm triggered, dispatching investigation squad. 01119_ K-01 Serf collects debris. 01129_ U-05 Engineer lays Concrete. 01132_ K-01 Serf collects debris. 01140_ O-16 Technician: "IFF HANDSHAKE FAILED. SECURING TERMINAL." 01142_ K-01 Serf collects debris. 01143_ Slammed into A-02 Transporter. 01144_ O-16 Technician sends out distress signal. 01145_ K-01 Serf collects debris. 01145_ A-02 Transporter suffers critical hit (Burn). 01148_ K-01 Serf collects debris. 01151_ G-34 Mercenary destroyed. 01172_ ALERT: Hostiles spotted, dispatching reinforcements to Terminal M004. 01190_ S-10 Pest destroyed. 01193_ S-10 Pest suffers critical hit (Burn). 01193_ Flight Unit melted. 01193_ S-10 Pest destroyed. 01193_ Switching to secondary target: Y-45 Defender. 01194_ Hadron Collector disabled. Map ----- +----------------------------------------------------+ | ?????????????????????????????????????????????????? | | ?????????????????????????????????????????????????? | | ?????????????????????????????????????????????????? | | ?????????????????????????????????????????????????? | | ?????????????????????????????????????????????????? | | ?????????????????????????????????????????????????? | | ?????????????????????????????????????????????????? | | ?????????????????????????????????????????????????? | | ????????????????????????? ?????????????????????? | | ????????????????????????? ???????????????????? | | ????????????????????????? ????????????????????? | | ????????????????????????? ????????????????????? | | ????????????????????????? ????????????????????? | | ????????????????????????? ???????????????????? | | ????????????????????????? ##???????????????????? | | ???????????????????????##g # ???????????????????? | | ???????????????????????## # ???????????????????? | | ???????????????????????##g # ???????????????????? | | ??????????????????####?##g k# ???????????????????? | | ???????????????? ######## # ???????????????????? | | ???????????????? ### #### # ???????????????????? | | ???????????????? # # # ???????????????????? | | ???????????????? # "" # # ???????????????????? | | ???????????????? # ""S # # # ?????????? | | ???????????????? # "" #gg #####+######?????????? | | ???????????????? # #@ ??????? | | ???????????????? # ! %s[ ??????? | | ???????????????? # #* ??????? | | ???????????????? # s# #######+### ???????? | | ???????????????? # "" # ### # ?????????? | | ???????????????? # """ # ##???????????????????? | | ???????????????? # """ # ##???????????????????? | | ???????????????? # """ # ##???????????????????? | | ????????????????## # ###??????????????????? | | ???????????????###+###### ###??????????????????? | | ???????????????### ##### ##??????????????????? | | ??????????????? # ##??????????????????? | | ??????????????? # T ##??????????????????? | | ?????????? ???? # ##??????????????????? | | ?????????? ???? # #### ##??????????????????? | | ?????????? ???? # ###########??????????????????? | | ### ? # ################?????????????? | | ##########+###?## ################?????????????? | | ## T ##?## ????????????? | | ## ^ ##?## ????????????? | | ## ##### ????????????? | | ## ! ######+############# ##??????????????? | | ## ## ## # ##??????????????? | | ## ## ##????????????????????????? | | ## ## ##????????????????????????? | +----------------------------------------------------+ Best States ------------- Heat Dissipation 28 Energy Generation 12 Energy Capacity 265 Matter Stores 300 Matter Capacity 300 Sight Range 18 Terrain Scan Density 10 Armor Coverage 225 Weapon Shielding 33 Evasion (%) 40 Recoil Reduction 2 Item Schematics ----------------- None Robot Schematics ------------------ None Fabricated ------------ Nothing Repaired ---------- Nothing Studied --------- None Alien Tech Used ----------------- None Achievements -------------- You Again Challenges ------------ None Game ------ Seed DefenseNovaDriver Manual? 0 Play Time 00:15:10 Cumulative 24.4 hours Start 2026.01.11 @ 11:14:57 End 2026.01.11 @ 11:28:04 Sessions 1 Manual Loads 0 Difficulty Rogue Special Mode None Game No. 25 Rogue 25 Adventurer 0 Explorer 0 Win Type - Total 0 Types 0/0/0/0/0/0/0/0/0/0 Lore% 24 Gallery% 19 Achievement% 21 Wizard Run 0 Options --------- Layout 0 ASCII 0 Keyboard 0 Movement Mouse Keybinds 0 Fullscreen 2 Font 36/Smallcaps Map View 76x50 Zoom Use 0% Tactical HUD 1 Map Filters NONE Filters NONE Steam 1 RUN: 83816698-6ed1-4d80-bc7d-ef7119aa2e74